 Dungeon Crawl Stone Soup version 0.30.0-11-gf55b779eaf (webtiles) character file.

Game seed: 2942215039284044114

9 monsoonserge the Vexing (level 2, -2/23 HPs)
             Began as a Meteoran Hexslinger on May 17, 2023.
             Slain by a hobgoblin (4 damage)
             ... on level 1 of the Dungeon.
             The game lasted 00:01:55 (186 turns).

monsoonserge the Vexing (Meteoran Hexslinger)        Turns: 186, Time: 00:01:56

Health: -2/23      AC:  2    Str: 11    XL:     2   Next: 35%
Magic:  5/5        EV: 12    Int: 14    God:
Gold:   8          SH:  0    Dex: 14    Spells: 2/3 levels left

rFire   . . .        a - +1 sling
rCold   . . .        (no shield)
rNeg    . . .        c - +0 robe
rPois   .            (no helmet)
rElec   .            (no cloak)
rCorr   .            (no gloves)
SInv    .            (no boots)
Will    .....        (no amulet)
Stlth   +            (no ring)
HPRegen 0.23/turn    (no ring)
MPRegen 0.09/turn

%: no passive effects
@: glowing
A: sense surroundings 1, otherworldly, glowing, explore regen
a: no special abilities


You were on level 1 of the Dungeon.
You visited 1 branch of the dungeon, and saw 1 of its levels.

You collected 8 gold pieces.

Inventory:

Hand Weapons
 a - a +1 sling (weapon)
Missiles
 e - 5 atropa-tipped darts
Armour
 c - a +0 robe (worn)
Scrolls
 b - a scroll of poison
 d - 5 scrolls of identify {unknown}
 f - a scroll of enchant armour {unknown}
 g - a scroll of vulnerability {unknown}


   Skills:
 + Level 1.5 Fighting
 + Level 2.5 Ranged Weapons
 + Level 2.7 Dodging
 + Level 1.3 Spellcasting
 + Level 3.7 Hexes


You had 2 spell levels left.
You knew the following spells:

 Your Spells              Type           Power      Damage    Failure   Level
a - Slow                  Hex            44%        N/A       5%          1

Your spell library contained the following spells:

 Spells                   Type           Power      Damage    Failure   Level
 Inner Flame              Hex/Fire       6%         N/A       34%         3
 Portal Projectile        Hex/Tloc       12%        N/A       34%         3
 Cause Fear               Hex            5%         N/A       50%         4


Dungeon Overview and Level Annotations

Branches:
Dungeon (1/15) Zot: 399

Altars:


Innate Abilities, Weirdness & Mutations

You passively map a small area around you.
You are easily found by Zot.
You glow in the dark.
You regain HP and MP as you explore.


Message History

Press: ? - help, Q - select action, (/) - cycle Shift-Dir - straight line, f/p - rat
Aim: a rat (57% to hit)
You shoot a sling bullet.
The sling bullet hits the hobgoblin but does no damage.
The hobgoblin hits you but does no damage.
The kobold misses you.
Fire: a) +1 sling
Press: ? - help, Q - select action, (/) - cycle Shift-Dir - straight line, f - kobold, p - rat
Aim: a kobold, wielding a +0 whip and quivering stones (heavily wounded, 50% to hit)
You shoot a sling bullet.
The sling bullet barely misses the kobold.
The rat bites you. The hobgoblin completely misses you.
The kobold completely misses you.
Unknown command.
Fire: a) +1 sling
Press: ? - help, Q - select action, (/) - cycle Shift-Dir - straight line, f/p - kobold
Aim: a kobold, wielding a +0 whip and quivering stones (heavily wounded, 50% to hit)
You shoot a sling bullet.
The sling bullet closely misses the kobold.
The rat closely misses you. The hobgoblin closely misses you.
The kobold barely misses you.
Fire: a) +1 sling
Press: ? - help, Q - select action, (/) - cycle Shift-Dir - straight line, f/p - kobold
Aim: a kobold, wielding a +0 whip and quivering stones (heavily wounded, 50% to hit)
You shoot a sling bullet.
The sling bullet closely misses the kobold.
The rat bites you but does no damage. The hobgoblin misses you.
The kobold completely misses you. The rat barely misses you.
The hobgoblin closely misses you. The kobold hits you with a +0 whip.
* * * LOW HITPOINT WARNING * * *
Fire: a) +1 sling
Press: ? - help, Q - select action, (/) - cycle Shift-Dir - straight line, f/p - kobold
Aim: a kobold, wielding a +0 whip and quivering stones (heavily wounded, 50% to hit)
You shoot a sling bullet.
The sling bullet hits the kobold but does no damage.
The kobold is heavily wounded.
The rat bites you.
* * * LOW HITPOINT WARNING * * *
The hobgoblin hits you.
You die...

........#..................##
.....(..#.#.............##..#
........#.#.................###
....>.........)#.#########.)..#
........#).......# ##...#
........#.....#.## #####
#########.#.....# .....
#.......## #.#.. *#.....#.@# ,
* #...#.#rgK.# * #.#.#....(.#
,,, #...#...##.# *, * , . #.#.#
.. * #.# * ,*#.#..,... * ....,
* ..### ..., ....* .. .###,
.... , , , *


You could see a hobgoblin, a kobold and a rat.

Vanquished Creatures
  2 bats (D:1)
  A quokka (D:1)
  2 ball pythons (D:1)
  2 frilled lizards (D:1)
  2 goblins (D:1)
  A rat (D:1)
10 creatures vanquished.

Notes
Turn   | Place    | Note
-------+----------+-------------------------------------------
     0 | D:1      | monsoonserge the Meteoran Hexslinger began the quest for
                  | the Orb.
     0 | D:1      | Reached XP level 1. HP: 16/16 MP: 3/3
    61 | D:1      | Reached XP level 2. HP: 23/23 MP: 5/5
   127 | D:1      | Found Xiofonom's Jewellery Emporium.
   186 | D:1      | Slain by a hobgoblin

Illustrated notes

Levels and vault maps discovered:
D:1:      dpeg_arrival_chambers_temple_mockup, layout_rooms, serial_shops, shop

Action                     || total
---------------------------++-------
   Fire: Sling             ||    47
   Cast: Slow              ||     1
 Armour: Robe              ||    15
  Dodge: Dodged            ||    36
